Map: Dusk Towers

Players

Srilo

  • Race: Zerg Zerg
  • League: Master

Andrekarma - Winner!

  • Race: Zerg Zerg
  • League: Master

VOD

Have the link to the VOD?

Description

Time

  • Played on: Feb. 14, 2016, 7:10 a.m.
  • Length: 4:43
Show
View Real Time Build Order
Export as new Build Order

Srilo Zerg 

Build Orders: Hatch First 

Get SALT Encoding   

  12  0:01  Drone  
  13  0:13  Overlord  
  13  0:18  Drone  
  14  0:31  Drone  
  14  0:32  Drone  
  16  0:48  Hatchery  
  15  0:51  Drone  
  15  0:54  Extractor  
  15  0:58  Drone  
  16  1:13  Spawning Pool  
  16  1:15  Drone  
  16  1:19  Drone  
  16  1:23  Drone  
  18  1:32  Drone  
  19  1:40  Overlord  
  19  2:00  Metabolic Boost  
  19  2:03  Zergling x6  
  20  2:15  Zergling x2  
  20  2:16  Zergling x2  
  20  2:21  Queen  
  22  2:22  Spine Crawler  
  20  2:30  Zergling x4  
  21  2:42  Zergling x4  
  20  2:53  Zergling x4  
  20  3:05  Zergling x6  
  17  3:11  Zergling x2  
  17  3:16  Zergling x2  
  17  3:23  Zergling x2  
  17  3:28  Zergling x2  
  17  3:35  Zergling x4  
  18  3:42  Zergling x2  
  19  3:50  Zergling x2  
  19  4:09  Zergling x2  
  22  4:10  Zergling x4  
  22  4:20  Drone x2  
  24  4:29  Drone  
  25  4:31  Drone  
Show
View Real Time Build Order
Export as new Build Order

Andrekarma Zerg - Winner!

Build Orders: Pool First 

Get SALT Encoding   

  12  0:01  Drone  
  13  0:15  Extractor  
  12  0:23  Spawning Pool  
  11  0:29  Drone  
  11  0:33  Drone  
  13  0:38  Drone  
  14  0:50  Overlord  
  14  1:13  Zergling x6  
  14  1:15  Metabolic Boost  
  17  1:25  Zergling x2  
  18  1:32  Queen  
  18  1:36  Zergling x2  
  21  1:47  Baneling Nest  
  21  1:49  Zergling x2  
  21  1:58  Overlord  
  21  2:08  Zergling x2  
  22  2:19  Zergling x2  
  23  2:33  Baneling x2  
  23  2:39  Zergling x4  
  24  2:47  Zergling x6  
  26  3:03  Zergling x2  
  25  3:08  Zergling x2  
  26  3:18  Zergling x2  
  23  3:45  Zergling x6, Hatchery  
  22  3:56  Drone  
  23  4:16  Zergling x2  
  24  4:19  Drone  
  24  4:20  Drone x3  
Tags
 
Add a new tag
Caveats
  • Supply blocks, unpowered buildings, or Contaminate may cause inaccurate times.
  • Supply counts are checked every 10 seconds.